[ AOE2 MATCH · #513629826 ]
UnrankedChinese vs Incas
Player's team · LOSS
Rival team · WIN
[ REPLAY ANALYSIS · EXTRACTED FROM THE RECORDED GAME ]
Feudal
9:19
Castle
20:52
Imperial
—
| APM avg | 58.7 |
| APM peak | 103 |
| eAPM avg | 23.6 |
| Villagers / military | 49 / 41 |
Focus
⚔️ 46.2% · 🌾 53.8%
Archer ×29 · Knight ×12
Feudal
11:20
Castle
22:04
Imperial
—
| APM avg | 44.9 |
| APM peak | 130 |
| eAPM avg | 27.8 |
| Villagers / military | 56 / 0 |
Focus
⚔️ 56.8% · 🌾 43.2%
Unknown (2550) ×92
Match map
Initial resources + every placement click. Lines = walls · curves = elevation contours. ◆ gold · ⬟ stone · ● berries · ✦ relic · ◌ wall gap
Your base· Open — 6t gap
nC_Future's base· Open — 4t gap
Smoothed initial terrain · ◌ = detected wall gap · hover for details
Inputs per minute
— Moneimon - - nC_Future
Build order — Moneimon
First 150 of 187 actions detected
| 0:00 | Research | Loom |
| 0:45 | Queue | Villager (Male) |
| 1:15 | Queue | Villager (Male) |
| 1:44 | Queue | Villager (Male) |
| 1:54 | Build | Lumber Camp |
| 2:05 | Queue | Villager (Male) |
| 2:06 | Queue | Villager (Male) |
| 2:23 | Queue | Villager (Male) |
| 2:44 | Queue | Villager (Male) |
| 2:56 | Build | House |
| 3:08 | Queue | Villager (Male) |
| 3:50 | Queue | Villager (Male) |
| 3:51 | Queue | Villager (Male) |
| 4:15 | Queue | Villager (Male) |
| 4:16 | Queue | Villager (Male) |
| 4:47 | Build | House |
| 5:10 | Build | Palisade Wall |
| 5:26 | Queue | Villager (Male) |
| 5:29 | Build | Mining Camp |
| 5:48 | Build | Palisade Wall |
| 5:48 | Build | Palisade Wall |
| 5:49 | Build | Palisade Wall |
| 5:56 | Queue | Villager (Male) |
| 6:13 | Build | Palisade Wall |
| 6:21 | Build | Palisade Wall |
| 6:34 | Build | Palisade Wall |
| 6:37 | Queue | Villager (Male) |
| 7:09 | Research | Feudal Age |
| 7:36 | Build | Barracks |
| 8:19 | Build | Mill |
| 8:21 | Build | Palisade Wall |
| 8:24 | Build | Palisade Wall |
| 8:33 | Build | Palisade Wall |
| 8:34 | Build | Palisade Wall |
| 8:53 | Build | Palisade Wall |
| 8:55 | Build | Palisade Wall |
| 9:09 | Build | House |
| 9:19 | Age | Feudal Age |
| 9:21 | Build | Archery Range |
| 9:29 | Queue | Villager (Male) |
| 9:39 | Build | House |
| 9:40 | Research | Double-Bit Axe |
| 9:41 | Queue | Villager (Male) |
| 9:58 | Queue | Villager (Male) |
| 10:03 | Queue | Archer |
| 10:08 | Queue | Villager (Male) |
| 10:11 | Build | House |
| 10:13 | Queue | Archer |
| 10:23 | Build | Farm |
| 10:27 | Queue | Villager (Male) |
| 10:33 | Build | Farm |
| 10:44 | Build | Farm |
| 11:04 | Queue | Archer |
| 11:06 | Queue | Villager (Male) |
| 11:11 | Build | Farm |
| 11:14 | Build | House |
| 11:18 | Build | Palisade Wall |
| 11:27 | Build | Farm |
| 11:44 | Queue | Archer |
| 11:50 | Queue | Villager (Male) |
| 12:09 | Build | Blacksmith |
| 12:14 | Queue | Archer |
| 12:24 | Build | House |
| 12:34 | Queue | Villager (Male) |
| 12:36 | Build | Farm |
| 12:44 | Queue | Archer |
| 12:52 | Build | House |
| 12:53 | Build | Palisade Wall |
| 12:57 | Research | Fletching |
| 13:04 | Build | Farm |
| 13:09 | Queue | Archer |
| 13:29 | Queue | Villager (Male) |
| 13:31 | Build | Farm |
| 13:36 | Queue | Archer |
| 14:03 | Queue | Archer |
| 14:05 | Queue | Villager (Male) |
| 14:05 | Queue | Villager (Male) |
| 14:12 | Queue | Villager (Male) |
| 14:14 | Build | Archery Range |
| 14:30 | Queue | Villager (Male) |
| 14:32 | Build | Farm |
| 14:32 | Queue | Villager (Male) |
| 14:35 | Queue | Villager (Male) |
| 14:39 | Build | Farm |
| 14:45 | Build | House |
| 14:50 | Research | Padded Archer Armor |
| 14:50 | Research | Padded Archer Armor |
| 14:54 | Queue | Villager (Male) |
| 14:59 | Build | House |
| 15:00 | Build | Palisade Wall |
| 15:06 | Queue | Archer |
| 15:12 | Queue | Archer |
| 15:17 | Research | Town Watch |
| 15:24 | Queue | Villager (Male) |
| 15:32 | Build | Farm |
| 15:40 | Build | Farm |
| 15:42 | Queue | Villager (Male) |
| 15:45 | Queue | Archer |
| 15:54 | Queue | Villager (Male) |
| 16:00 | Queue | Villager (Male) |
| 16:17 | Queue | Archer |
| 16:39 | Build | Palisade Wall |
| 16:46 | Queue | Archer |
| 16:50 | Build | Farm |
| 16:55 | Queue | Villager (Male) |
| 17:09 | Build | Lumber Camp |
| 17:15 | Queue | Villager (Male) |
| 17:20 | Queue | Villager (Male) |
| 17:28 | Build | Farm |
| 17:34 | Queue | Archer |
| 17:34 | Queue | Archer |
| 18:12 | Research | Castle Age |
| 18:12 | Research | Castle Age |
| 18:31 | Research | Horse Collar |
| 18:36 | Build | House |
| 18:37 | Build | House |
| 18:39 | Build | House |
| 18:42 | Queue | Archer |
| 18:44 | Research | Gold Mining |
| 18:46 | Queue | Archer |
| 19:01 | Build | Farm |
| 19:07 | Queue | Archer |
| 19:31 | Queue | Villager (Male) |
| 19:32 | Queue | Archer |
| 19:32 | Queue | Archer |
| 19:49 | Build | Farm |
| 20:07 | Queue | Villager (Male) |
| 20:16 | Build | Stable |
| 20:22 | Queue | Villager (Male) |
| 20:24 | Queue | Archer |
| 20:42 | Build | Farm |
| 20:52 | Age | Castle Age |
| 20:53 | Research | Crossbowman (upgrade) |
| 20:53 | Research | Crossbowman (upgrade) |
| 20:54 | Research | Bodkin Arrow |
| 20:54 | Research | Bodkin Arrow |
| 20:56 | Queue | Villager (Male) |
| 20:59 | Build | Farm |
| 21:08 | Queue | Villager (Male) |
| 21:12 | Queue | Knight |
| 21:18 | Build | Farm |
| 21:24 | Build | Farm |
| 21:38 | Queue | Knight |
| 21:43 | Queue | Villager (Male) |
| 21:46 | Queue | Villager (Male) |
| 21:47 | Queue | Archer |
| 21:47 | Queue | Archer |
| 22:00 | Queue | Knight |
| 22:06 | Research | Scale Barding Armor |
| 22:12 | Queue | Archer |
Build order — nC_Future
First 150 of 218 actions detected
| 0:00 | Queue | Villager (Male) |
| 0:00 | Queue | Villager (Male) |
| 0:00 | Queue | Villager (Male) |
| 0:02 | Build | House |
| 0:04 | Build | Barracks |
| 0:23 | Queue | Villager (Male) |
| 0:30 | Research | Loom |
| 1:03 | Queue | Unit 2550 |
| 1:03 | Queue | Villager (Male) |
| 1:31 | Queue | Villager (Male) |
| 1:45 | Queue | Unit 2550 |
| 2:04 | Queue | Villager (Male) |
| 2:22 | Queue | Villager (Male) |
| 2:43 | Queue | Villager (Male) |
| 3:20 | Queue | Villager (Male) |
| 3:22 | Build | House |
| 3:42 | Queue | Villager (Male) |
| 4:02 | Queue | Villager (Male) |
| 4:20 | Queue | Villager (Male) |
| 4:38 | Queue | Villager (Male) |
| 4:56 | Queue | Villager (Male) |
| 4:56 | Queue | Villager (Male) |
| 5:39 | Queue | Villager (Male) |
| 5:41 | Queue | Villager (Male) |
| 5:52 | Build | Settlement |
| 6:01 | Queue | Villager (Male) |
| 6:13 | Queue | Villager (Male) |
| 6:39 | Queue | Villager (Male) |
| 6:42 | Queue | Villager (Male) |
| 6:54 | Build | Farm |
| 6:57 | Build | Farm |
| 6:58 | Queue | Villager (Male) |
| 7:18 | Build | Farm |
| 7:35 | Queue | Villager (Male) |
| 7:42 | Build | Farm |
| 8:04 | Build | Farm |
| 8:52 | Build | Settlement |
| 9:09 | Research | Feudal Age |
| 9:58 | Queue | Unit 2550 |
| 10:04 | Build | Barracks |
| 10:26 | Queue | Unit 2550 |
| 10:34 | Build | Farm |
| 10:39 | Build | Farm |
| 10:45 | Queue | Unit 2550 |
| 11:20 | Age | Feudal Age |
| 11:22 | Research | Tech 1402 |
| 11:23 | Research | Double-Bit Axe |
| 11:23 | Queue | Villager (Male) |
| 11:27 | Queue | Villager (Male) |
| 11:36 | Build | Palisade Wall |
| 11:43 | Queue | Unit 2550 |
| 11:43 | Queue | Unit 2550 |
| 11:44 | Queue | Villager (Male) |
| 11:56 | Build | Palisade Wall |
| 11:59 | Build | Palisade Wall |
| 11:59 | Build | Palisade Wall |
| 12:00 | Build | Palisade Wall |
| 12:19 | Build | Blacksmith |
| 12:21 | Queue | Villager (Male) |
| 12:27 | Queue | Unit 2550 |
| 12:27 | Queue | Unit 2550 |
| 12:27 | Queue | Unit 2550 |
| 12:27 | Queue | Unit 2550 |
| 12:46 | Build | Farm |
| 12:49 | Build | Farm |
| 12:54 | Queue | Villager (Male) |
| 12:58 | Research | Scale Mail Armor |
| 13:08 | Queue | Unit 2550 |
| 13:08 | Queue | Unit 2550 |
| 13:08 | Queue | Unit 2550 |
| 13:08 | Queue | Unit 2550 |
| 13:08 | Queue | Unit 2550 |
| 13:18 | Queue | Unit 2550 |
| 13:18 | Queue | Unit 2550 |
| 13:18 | Queue | Unit 2550 |
| 13:18 | Queue | Unit 2550 |
| 13:18 | Queue | Unit 2550 |
| 13:28 | Queue | Unit 2550 |
| 13:28 | Queue | Unit 2550 |
| 13:28 | Queue | Unit 2550 |
| 13:28 | Queue | Unit 2550 |
| 13:51 | Queue | Villager (Male) |
| 14:00 | Queue | Villager (Male) ×2 |
| 14:17 | Queue | Villager (Male) |
| 14:26 | Build | Farm |
| 14:28 | Build | Farm |
| 14:31 | Build | Farm |
| 14:33 | Build | Farm |
| 14:36 | Queue | Unit 2550 |
| 14:36 | Queue | Unit 2550 |
| 14:36 | Queue | Unit 2550 |
| 14:36 | Queue | Unit 2550 |
| 14:44 | Build | Farm |
| 14:45 | Build | Farm |
| 14:58 | Queue | Villager (Male) |
| 14:59 | Queue | Unit 2550 |
| 14:59 | Queue | Unit 2550 |
| 14:59 | Queue | Unit 2550 |
| 14:59 | Queue | Unit 2550 |
| 14:59 | Queue | Unit 2550 |
| 14:59 | Queue | Unit 2550 |
| 15:02 | Queue | Villager (Male) |
| 15:07 | Build | Farm |
| 15:10 | Build | House |
| 15:10 | Build | House |
| 15:36 | Research | Forging |
| 15:36 | Queue | Villager (Male) |
| 15:51 | Queue | Villager (Male) |
| 15:59 | Queue | Villager (Male) |
| 16:00 | Build | Farm |
| 16:26 | Queue | Unit 2550 |
| 16:26 | Queue | Unit 2550 |
| 16:40 | Queue | Villager (Male) |
| 16:51 | Queue | Unit 2550 |
| 16:51 | Queue | Unit 2550 |
| 17:03 | Queue | Villager (Male) |
| 17:05 | Queue | Unit 2550 |
| 17:05 | Queue | Unit 2550 |
| 17:05 | Queue | Unit 2550 |
| 17:22 | Queue | Villager (Male) |
| 17:31 | Build | Market |
| 17:33 | Build | House |
| 17:36 | Build | Palisade Wall |
| 17:57 | Queue | Unit 2550 |
| 17:58 | Queue | Unit 2550 |
| 17:58 | Queue | Villager (Male) |
| 18:03 | Build | Palisade Gate |
| 18:34 | Queue | Unit 2550 |
| 18:41 | Queue | Villager (Male) |
| 19:05 | Build | Farm |
| 19:11 | Build | House |
| 19:11 | Build | House |
| 19:12 | Build | House |
| 19:13 | Build | Palisade Wall |
| 19:14 | Build | House |
| 19:15 | Build | House |
| 19:24 | Research | Castle Age |
| 19:41 | Build | House |
| 19:44 | Build | House |
| 19:49 | Build | House |
| 19:51 | Build | House |
| 19:54 | Queue | Unit 2550 |
| 19:55 | Queue | Unit 2550 |
| 19:58 | Build | Barracks |
| 20:05 | Research | Arson |
| 20:11 | Queue | Unit 2550 |
| 20:11 | Queue | Unit 2550 |
| 20:11 | Queue | Unit 2550 |
| 20:11 | Queue | Unit 2550 |
| 20:11 | Queue | Unit 2550 |
Match timeline
| 0:04 | nC_Future · first_building Barracks |
| 5:10 | Moneimon · wall_segment Palisade Wall x1 |
| 5:48 | Moneimon · wall_segment Palisade Wall x1 |
| 5:48 | Moneimon · wall_segment Palisade Wall x1 |
| 5:49 | Moneimon · wall_segment Palisade Wall x1 |
| 6:13 | Moneimon · wall_segment Palisade Wall x1 |
| 6:21 | Moneimon · wall_segment Palisade Wall x1 |
| 6:34 | Moneimon · wall_segment Palisade Wall x1 |
| 7:36 | Moneimon · first_building Barracks |
| 8:21 | Moneimon · wall_segment Palisade Wall x1 |
| 8:24 | Moneimon · wall_segment Palisade Wall x1 |
| 8:33 | Moneimon · wall_segment Palisade Wall x1 |
| 8:34 | Moneimon · wall_segment Palisade Wall x1 |
| 8:53 | Moneimon · wall_segment Palisade Wall x1 |
| 8:55 | Moneimon · wall_segment Palisade Wall x1 |
| 9:19 | Moneimon · age_up feudal |
| 9:21 | Moneimon · first_building Archery Range |
| 11:18 | Moneimon · wall_segment Palisade Wall x7 |
| 11:20 | nC_Future · age_up feudal |
| 11:36 | nC_Future · wall_segment Palisade Wall x1 |
| 11:56 | nC_Future · wall_segment Palisade Wall x1 |
| 11:59 | nC_Future · wall_segment Palisade Wall x1 |
| 11:59 | nC_Future · wall_segment Palisade Wall x1 |
| 12:00 | nC_Future · wall_segment Palisade Wall x1 |
| 12:53 | Moneimon · wall_segment Palisade Wall x4 |
| 15:00 | Moneimon · wall_segment Palisade Wall x1 |
| 16:39 | Moneimon · wall_segment Palisade Wall x1 |
| 17:36 | nC_Future · wall_segment Palisade Wall x6 |
| 18:36 | nC_Future · first_market_buy 100 food |
| 18:38 | nC_Future · first_market_sell 100 stone |
| 19:13 | nC_Future · wall_segment Palisade Wall x1 |
| 20:16 | Moneimon · first_building Stable |
| 20:52 | Moneimon · age_up castle |
| 22:04 | nC_Future · age_up castle |
| 26:28 | Moneimon · wall_segment Palisade Wall x1 |
| 26:30 | Moneimon · wall_segment Palisade Wall x1 |
| 26:44 | Moneimon · resign |
[ AI ANALYSIS · 1 CREDIT ]
What really happened in this match?
Wolo.gg analyzes every decision: build order, eco, micro, common mistakes by bracket. Personalized analysis on WhatsApp or Discord in 30 seconds.
Civ guide
Chinese
Perfil
Jugador #249653